AoeStats
← MattAtArms

Arabia

507479224Analyzed
1v1 RM · 14d ago on Sep 18, 2026· 54m 23s· 2 players
Game mode
Random Map
Map size
Tiny (2 player)
Population
200
Speed
Normal
Resources
Standard
Victory
Conquest
Starting age
Dark Age
Ending age
Imperial Age
RankedLock teamsTeams togetherTeam positionsShared explorationLock speedFull tech treeHidden civsTurbo modeCheats
Victory
Defeat
🇦🇷 Sicilians · Argentina
1882
+16
🇬🇧 Inca · United Kingdom
1879
-16
MattAtArms
6:01 Loom
9:18 Feudal Age
9:25 Champi Runner
10:07 Double-Bit Axe
12:15 Horse Collar
15:13 Fletching
22:08 Castle Age
20:14 Gold Mining
21:43 Stone Mining
21:55 Padded Archer Armor
22:10 Crossbowman
22:50 Bodkin Arrow
23:39 Bow Saw
25:01 Ballistics
26:53 Wheelbarrow
26:06 Town Watch
36:14 Imperial Age
36:28 Thumb Ring
36:41 Leather Archer Armor
36:25 Arbalester
37:06 Bracer
38:07 Chemistry
38:10 Masonry
39:26 Hand Cart
40:27 Forging
39:40 Champi Warrior
40:56 Scale Mail Armor
42:06 Iron Casting
41:54 Squires
41:40 Arson
41:41 Elite Champi Warrior
42:42 Chain Mail Armor
44:42 Plate Mail Armor
45:32 Blast Furnace
45:24 Heavy Plow
46:21 Conscription
47:24 Fabric Shields
47:16 Pikeman
49:36 Halberdier
★ DrumM ❿
5:52 Loom
9:09 Feudal Age
9:45 Double-Bit Axe
10:59 Horse Collar
14:53 Fletching
17:07 Scale Mail Armor
22:09 Castle Age
20:23 Gold Mining
21:25 Padded Archer Armor
22:19 Crossbowman
23:11 Bodkin Arrow
23:28 Bow Saw
23:18 Heavy Plow
25:22 Wheelbarrow
25:02 Town Watch
35:35 Imperial Age
34:31 Ballistics
36:27 Bracer
37:35 Chemistry
37:16 Elite Skirmisher
39:27 Leather Archer Armor
39:24 Masonry
42:50 Arbalester
44:06 Scale Barding Armor
44:42 Bloodlines
45:16 Cavalier
46:55 Husbandry
48:42 Forging
50:22 Light Cavalry
53:06 Iron Casting
54:24 Chain Barding Armor
53:35 Pikeman
54:43 Siege Engineers
Connection lost

Rejoining the realm…

Still unreachable

The connection could not be restored.

Session expired

The server has moved on; the page needs a fresh start.